 Dungeon Crawl Stone Soup version 0.27.1-33-g824d729ab1 (webtiles) character file.

Game seed: 15920075943400038895

613 sking99 the Ruffian (level 7, 0/44 HPs)
             Began as a Gargoyle Transmuter on Dec 9, 2021.
             Was an Initiate of Wu Jian.
             Slain by Grinder (8 damage)
             ... on level 4 of the Dungeon.
             The game lasted 00:07:43 (5854 turns).

sking99 the Ruffian (Gargoyle Transmuter)           Turns: 5854, Time: 00:07:44

Health: 0/44       AC:  6    Str: 15    XL:     7   Next: 44%
Magic:  10/10      EV: 11    Int: 14    God:    Wu Jian [......]
Gold:   159        SH:  0    Dex: 10    Spells: 7/10 levels left

rFire    + . .     SeeInvis .     - Unarmed
rCold    + . .     Faith    .   (no shield)
rNeg     + . .     Spirit   .   a - +0 robe
rPois    ∞         Reflect  .   (helmet currently unavailable)
rElec    +         Harm     .   (no cloak)
rCorr    .         Rampage  .   (no gloves)
Will     .....                  (boots currently unavailable)
Stlth    +.........             (no amulet)
HPRegen  0.14/turn              d - ring of protection from cold
MPRegen  0.12/turn              i - ring of protection from fire

@: confused, appendages (expiring), ambrosia-drunk
A: horns 2, talons 2, sickness immunity, AC +4, negative energy resistance 1,
electricity resistance, torment resistance 1, petrification resistance
a: End Transformation, Renounce Religion


You were on level 4 of the Dungeon.
You worshipped Wu Jian.
Wu Jian was noncommittal.
You had temporarily grown beastly horns and talons.
You visited 2 branches of the dungeon, and saw 5 of its levels.

You collected 159 gold pieces.

Inventory:

Armour
 a - a +0 robe (worn)
 e - a +2 buckler
 j - a +0 pair of boots (melded)
Jewellery
 d - a ring of protection from cold (left hand)
 i - a ring of protection from fire (right hand)
Scrolls
 b - 2 scrolls of immolation {unknown}
 c - a scroll of summoning {unknown}
 k - a scroll of noise {unknown}
 n - a scroll of blinking {unknown}
 p - a scroll of silence {unknown}
Potions
 f - a potion of magic {unknown}
 g - a potion of heal wounds {unknown}
 h - a potion of ambrosia
 l - a potion of attraction {unknown}
 m - a potion of berserk rage {unknown}
 o - a potion of cancellation {unknown}


   Skills:
 + Level 4.9 Fighting
 - Level 1.5 Dodging
 + Level 6.2 Unarmed Combat
 - Level 2.0 Spellcasting
 + Level 3.1 Transmutations


You had 7 spell levels left.
You knew the following spells:

 Your Spells              Type           Power      Damage    Failure   Level
a - Beastly Appendage     Tmut           20%        N/A       7%          1
b - Wereblood             Tmut           10%        N/A       10%         2

Your spell library contained the following spells:

 Spells                   Type           Power      Damage    Failure   Level
 Summon Small Mammal      Summ           4%         N/A       24%         1
 Spider Form              Tmut/Pois      2%         N/A       36%         3
 Call Canine Familiar     Summ           1%         N/A       56%         3
 Summon Guardian Golem    Hex/Summ       1%         N/A       56%         3
 Ice Form                 Ice/Tmut       5%         N/A       77%         4


Dungeon Overview and Level Annotations

Branches:
Dungeon (4/15)             Temple (1/1) D:4

Altars:
Ashenzari
Dithmenos
Elyvilon
Fedhas
Gozag
Kikubaaqudgha
Makhleb
Nemelex Xobeh
Okawaru
Qazlal
Sif Muna
Trog
Uskayaw
Wu Jian
Xom
Yredelemnul
Zin

Annotations:
D:4 Grinder


Innate Abilities, Weirdness & Mutations

You have temporarily grown beastly horns and talons.
You are immune to sickness and miasma.
Your stone body is resilient. (AC +4)
You are immune to poison.
You resist negative energy. (rN+)
You are resistant to electric shocks. (rElec)
You are resistant to unholy torment.
You are immune to petrification.


Message History

You resist with significant effort.
Found 23 bolts.
You lunge at Grinder, in a flurry of attacks.
You hit Grinder but do no damage. You barely miss Grinder.
Grinder blinks!
Casting: Beastly Appendage (safe; 7% risk of failure)
Confirm with . or Enter, or press ? or * to list all spells.
You grow a pair of large bovine horns.
Your feet morph into talons.
Your +0 pair of boots melds into your body.
Grinder drinks a potion.
Grinder flickers and vanishes!
Deactivating autopickup; reactivate with Ctrl-A.
Something hits you.
You closely miss something. Your punch misses something. Something hits you!
You writhe in agony.
You miss something. You claw something. Something hits you.
You barely miss something. Something hits you but does no damage.
You barely miss something. You barely miss something.
Something hits you but does no damage.
You barely miss something. You headbutt something.
Something tries to affect you, but you resist.
You hit something. Something hits you!
You writhe in agony.
You closely miss something. You headbutt something.
Something hits you but does no damage.
You barely miss something. You claw something. Pain shoots through your body!
* * * LOW HITPOINT WARNING * * *
You completely miss something. Something hits you.
* * * LOW HITPOINT WARNING * * *
You writhe in agony.
* * * LOW HITPOINT WARNING * * *
You miss something. Your headbutt misses something.
Something hits you but does no damage.
You miss something. You claw something. Something hits you.
* * * LOW HITPOINT WARNING * * *
You writhe in agony.
* * * LOW HITPOINT WARNING * * *
You barely miss something. Your kick misses something.
Your transformation is almost over.
It was a potion of ambrosia.
You are confused.
You feel invigorated. Something hits you!
You die...

#####.# ......#
....... # #####.#
#########.#### #
#............. #
#.#.##.#.##.### #
#.#.# #.#.##.#{# #
#.#.# #.#.##.#@# #
#.#.# #.#.##.#.# #
#.#.# #.#.##.#.# #
#.#.# #.#.##.#.# #
#.#.# #†#.##.#.# #
#.#.###.#.##.#.#
###'#.†...#.##.#.#
##......###.##.#(#
##..........##.#.#


There were no monsters in sight!

Vanquished Creatures
  A black bear (D:4)
  2 necrophages
  An ogre (D:4)
  A water moccasin skeleton (D:4)
  A jelly (D:3)
  A hound (D:4)
  3 gnolls
  4 adders
  3 worms
  2 dart slugs
  An orc (D:3)
  3 bats
  7 endoplasms
  A giant cockroach (D:3)
  9 goblins
  2 hobgoblins
  7 jackals
  3 quokkas
  5 ball pythons
  5 frilled lizards
  9 kobolds
  7 rats
78 creatures vanquished.

Notes
Turn   | Place    | Note
-------+----------+-------------------------------------------
     0 | D:1      | sking99 the Gargoyle Transmuter began the quest for the
                  | Orb.
     0 | D:1      | Reached XP level 1. HP: 12/12 MP: 3/3
   204 | D:1      | Found a faded altar of an unknown god.
   334 | D:1      | Reached XP level 2. HP: 12/16 MP: 3/5
  1389 | D:2      | Learned a level 2 spell: Wereblood
  1578 | D:2      | Reached XP level 3. HP: 20/21 MP: 4/6
  1740 | D:2      | Reached skill level 4 in Unarmed Combat
  2547 | D:3      | Noticed a necrophage
  2576 | D:3      | Found a hide-covered altar of Uskayaw.
  2651 | D:3      | Reached XP level 4. HP: 22/27 MP: 4/7
  2979 | D:3      | Found a basalt altar of Yredelemnul.
  3006 | D:3      | Killed a necrophage
  3007 | D:3      | Reached skill level 5 in Unarmed Combat
  3007 | D:3      | Reached XP level 5. HP: 21/32 MP: 8/8
  4114 | D:4      | Noticed a necrophage
  4125 | D:4      | Killed a necrophage
  4126 | D:4      | Reached XP level 6. HP: 31/38 MP: 7/9
  4596 | D:4      | Found a staircase to the Ecumenical Temple.
  4619 | D:4      | Reached XP level 7. HP: 34/44 MP: 7/10
  4626 | Temple   | Entered the Ecumenical Temple
  4884 | Temple   | Became a worshipper of the Wu Jian Council
  4953 | D:4      | Reached skill level 6 in Unarmed Combat
  5834 | D:4      | Noticed Grinder
  5854 | D:4      | Slain by Grinder

Illustrated notes

Levels and vault maps discovered:
D:1:      minmay_arrival_doors, layout_loops_corners,
          shapermc_ecumenical_altar_flowoftime
D:2:      layout_loops_ring, minmay_misc_feat_rugged
D:3:      minmay_wonky_spiral, layout_basic, nicolae_overflow_crystal_walls,
          mainiacjoe_overflow_small_starburst, minmay_quantized
D:4:      minmay_chambers_of_twos, layout_basic, temple_statues, serial_shops,
          shop, uniq_grinder
Temple:   regret_index_temple_generic_petals

Skill      XL: |  1  2  3  4  5  6  7 |
---------------+----------------------+-----
Fighting       | 2 3 4 |  4.9
Unarmed Combat | 4 5 6 |  6.2
Transmutations | 2 3 |  3.1
Dodging        | |  1.5
Spellcasting   | |  2.0

Action                   |  1- 3 |  4- 6 |  7- 9 || total
-------------------------+-------+-------+-------++-------
Melee: Unarmed           |   122 |   123 |    84 ||   329
       Headbutt          |     7 |     7 |    10 ||    24
       Kick              |    14 |     9 |    13 ||    36
       Punch             |       |     2 |     1 ||     3
 Cast: Beastly Appendage |    16 |     9 |     8 ||    33
Invok: Lunge             |       |       |     4 ||     4
  Use: Potion            |       |       |     1 ||     1
 Stab: Sleeping          |       |     2 |     1 ||     3
Armor: Robe              |    42 |    41 |    24 ||   107
Dodge: Dodged            |    60 |    69 |    28 ||   157
